 Dungeon Crawl Stone Soup version 0.14-a0-1444-g21dc12d (webtiles) character file.

154 Jenx the Insei (level 4, -1/31 HPs)
             Began as an Octopode Monk on Dec 13, 2013.
             Killed from afar by an orc wizard (14 damage)
             ... with a puff of flame
             ... on Level 3 of the Dungeon.
             The game lasted 00:04:21 (1828 turns).

Jenx the Insei (Octopode Monk)                      Turns: 1828, Time: 00:04:22

HP  -1/31        AC  1     Str 11      XL: 4   Next: 24%
MP   4/4         EV 13     Int 12      God:
Gold 83          SH  0     Dex 14      Spells:  0 memorised,  3 levels left

rFire  . . .     SeeInvis .       - Unarmed
rCold  . . .     Clarity  .     (no shield)
rNeg   . . .     Conserve .     (helmet restricted)
rPois  .         rCorr    .     (no amulet)
rElec  .         rRot     .     (no ring)
SustAb . .       Spirit   .     (no ring)
rMut   .         Warding  .     (no ring)
Saprov . . .     Stasis   .     (no ring)
                                (no ring)
                                (no ring)
                                (no ring)
                                (no ring)

@: slightly resistant to hostile enchantments, quite stealthy
A: almost no armour, amphibious, 8 rings, constrict 8, camouflage 1, gelatinous
body 1
a: no special abilities


You were on level 3 of the Dungeon.
You were not hungry.

You visited 1 branch of the dungeon, and saw 3 of its levels.

You collected 83 gold pieces.

Inventory:

Missiles
 j - 18 darts (quivered)
Comestibles
 b - a bread ration
 d - a snozzcumber
 g - 2 meat rations
 m - a chunk of goblin flesh
 n - a choko
 o - a pear
 r - a chunk of bat flesh
 s - a chunk of rat flesh
 t - a chunk of quokka flesh
Scrolls
 c - a scroll of teleportation {unknown}
 f - 3 scrolls of remove curse {unknown}
 i - a scroll of fear {unknown}
 k - 3 scrolls of identify {unknown}
 l - 3 scrolls of magic mapping {unknown}
 q - a scroll of recharging {unknown}
 u - a scroll of enchant weapon I {unknown}
Potions
 a - 3 potions of curing
 e - a potion of might {unknown}
 h - a potion of speed {unknown}
 p - 2 potions of poison {unknown}


   Skills:
 - Level 3.0 Fighting
 - Level 3.0 Dodging
 - Level 2.6 Stealth
 * Level 5.6 Unarmed Combat


You had 3 spell levels left.
You didn't know any spells.

Dungeon Overview and Level Annotations

Branches:
Dungeon (3/16)

Altars:


Innate Abilities, Weirdness & Mutations

You cannot wear most types of armour.
You are amphibious.
You can wear up to eight rings at the same time.
You can use your tentacles to constrict many enemies at once.
Your skin changes colour to match your surroundings (Stlth).
Your rubbery body absorbs attacks (AC +1).


Message History

You hit the orc.
You kill the orc!
The rat bites you.
The orc wizard unwields an uncursed orcish dagger.
The orc wizard drops an uncursed orcish dagger.
The orc wizard picks up an orcish falchion.
The orc wizard wields an orcish falchion.
You hit the rat. You grab the rat.
The rat is severely wounded.
You constrict the rat.
You kill the rat!
The orc wizard gestures wildly while chanting.
The orc wizard seems to speed up.
The orc wizard mumbles some strange words.
The orc wizard blinks!
Things that are here:
a rat corpse; an elven whip; a kobold corpse You see here an uncursed orcish dagger.
The puff of flame hits you!
You die...

.# .... .# #.#. ...
.####.### #..#####
.#......####.....># ###
.#.##.#.#.............
................#.#.##
.#.##.#.#.##....#..⌠.##
.#......#.##.##.#.....#..
........#.##....@⌠...⌠..#
.####........)().......##
......#.######%#...<...#
.######.# #.#..o....# .#
#.# #...⌠...⌠.# . #.#
####.....# #.. #.⌠.# #.#
#.## #.# ##


You could see an orc wizard.

Vanquished Creatures
  An adder (D:2)
  A worm (D:2)
  3 orcs (D:3)
  A ball python (D:1)
  9 bats
  4 giant cockroaches
  5 goblins
  4 hobgoblins
  2 giant newts
  9 kobolds
  3 quokkas
  11 rats
53 creatures vanquished.

Notes
Turn   | Place    | Note
--------------------------------------------------------------
     0 | D:1      | Jenx, the Octopode Monk, began the quest for the Orb.
     0 | D:1      | Reached XP level 1. HP: 16/16 MP: 1/1
   170 | D:1      | Reached XP level 2. HP: 18/21 MP: 2/2
   868 | D:2      | Reached XP level 3. HP: 22/26 MP: 3/3
   902 | D:2      | Reached skill level 5 in Unarmed Combat
  1688 | D:3      | Reached XP level 4. HP: 25/31 MP: 4/4
  1828 | D:3      | Killed from afar by an orc wizard

Action                   |  1- 3 |  4- 6 || total
-------------------------+-------+-------++-------
Melee: Unarmed           |    83 |    20 ||   103
  Use: Potion            |     1 |       ||     1
 Stab: Sleeping          |    12 |       ||    12
